 Dungeon Crawl Stone Soup version 0.29.1-2-gbd0b4ee654 (webtiles) character file.

Game seed: 2624825113886601075

67 Godmorgon the Trooper (level 4, -1/37 HPs)
             Began as a Formicid Abyssal Knight on Oct 24, 2022.
             Was a Believer of Lugonu.
             Slain by an orc priest
             ... wielding a +0 mace
              (3 damage)
             ... on level 3 of the Dungeon.
             The game lasted 00:04:13 (1895 turns).

Godmorgon the Trooper (Formicid Abyssal Knight)     Turns: 1895, Time: 00:04:13

Health: -1/37      AC:  6    Str: 19    XL:     4   Next: 40%
Magic:  6/6        EV:  9    Int: 10    God:    Lugonu [**....]
Gold:   62         SH:  0    Dex: 14    Spells: 3/3 levels left

rFire   + . .      SeeInvis +   a - +1 mace
rCold   . . .      Faith    .   (no shield)
rNeg    . . .      Spirit   .   d - +0 scale mail
rPois   .          Reflect  .   (helmet unavailable)
rElec   .          Harm     .   (no cloak)
rCorr   .          Rampage  .   (no gloves)
Will    .....                   (no boots)
Stlth   ..........              (no amulet)
HPRegen 0.12/turn               f - ring of protection from fire
MPRegen 0.10/turn               (no ring)

@: no status effects
A: permanent stasis, dig shafts and tunnels, antennae 3, four strong arms
a: Dig, Shaft Self, Renounce Religion, Depart the Abyss, Bend Space


You were on level 3 of the Dungeon.
You worshipped Lugonu.
Lugonu was pleased with you.
You visited 1 branch of the dungeon, and saw 3 of its levels.
You visited the Abyss 1 time.

You collected 62 gold pieces.

Inventory:

Hand Weapons
 a - a +1 mace (weapon)
Armour
 d - a +0 scale mail (worn)
Jewellery
 f - a ring of protection from fire (left hand)
Scrolls
 b - a scroll of amnesia {unknown}
 e - 3 scrolls of teleportation {unknown}
 g - a scroll of immolation {unknown}
 i - 3 scrolls of identify {unknown}
 j - a scroll of butterflies {unknown}
Potions
 c - 2 potions of cancellation {unknown}
 h - a potion of lignification {unknown}


   Skills:
 + Level 3.9 Fighting
 * Level 3.3 Maces & Flails
 - Level 2.1 Armour
 - Level 0.8 Dodging
 + Level 3.1 Invocations


You had 3 spell levels left.
You didn't know any spells.
Your spell library was empty.

Dungeon Overview and Level Annotations

Branches:
Dungeon (3/15)

Altars:


Innate Abilities, Weirdness & Mutations

You cannot be hasted, slowed, berserked, paralysed or teleported.
You can dig through walls and to a lower floor.
You have a pair of large antennae on your head. (SInv)
Your four strong arms can wield two-handed weapons with a shield.


Message History

You feel clever.
You hit the orc priest.
The orc priest is moderately wounded.
The orc priest hits you with a +0 mace.
You completely miss the orc priest.
The orc priest is moderately wounded.
The orc priest invokes the aid of Beogh against you.
You barely resist.
You hit the orc priest but do no damage.
The orc priest is moderately wounded.
The orc priest invokes the aid of Beogh against you.
Beogh smites you!
The orc priest hits you but does no damage.
You barely miss the orc priest.
The orc priest is moderately wounded.
The orc priest hits you but does no damage.
You hit the orc priest.
The orc priest is severely wounded.
The orc priest barely misses you.
You barely miss the orc priest.
The orc priest is severely wounded.
The orc priest barely misses you.
You hit the orc priest but do no damage.
The orc priest is severely wounded.
The orc priest hits you with a +0 mace.
* * * LOW HITPOINT WARNING * * *
You hit the orc priest. You punch the orc priest.
The orc priest is almost dead.
The orc priest mumbles some strange prayers to Beogh against you.
Pain shoots through your body!
* * * LOW HITPOINT WARNING * * *
The orc priest hits you with a +0 mace.
* * * LOW HITPOINT WARNING * * *
You barely miss the orc priest.
The orc priest is almost dead.
The orc priest hits you but does no damage.
You closely miss the orc priest.
The orc priest is almost dead.
The orc priest hits you with a +0 mace.
You die...

#....... #.#####. #.#
#. #.# #. #.# #. #.#
#. #.# #.
###############.#####.
#...o@).............#.
#.#############.###.#.
#.........#.#.
#.###.#...#.#.
#.#.........#.
#.............
###<#######.#. ###
####


You could see an orc priest.

Vanquished Creatures
  An orc wizard (D:3)
  A dart slug (D:1)
  2 orcs (D:3)
  An endoplasm (D:2)
  A giant cockroach (D:1)
  2 goblins (D:2)
  4 hobgoblins (D:1)
  6 jackals
  5 ball pythons
  4 bats
  3 frilled lizards
  4 kobolds
  3 rats
37 creatures vanquished.

Notes
Turn   | Place    | Note
-------+----------+-------------------------------------------
     0 | Abyss:1  | Godmorgon the Formicid Abyssal Knight began the quest for
                  | the Orb.
     0 | Abyss:1  | Reached XP level 1. HP: 18/18 MP: 2/2
     1 | D:1      | Escaped the Abyss
    23 | D:1      | Found a faded altar of an unknown god.
    24 | D:1      | Noticed a great orb of eyes
    27 | D:1      | Noticed a golden eye
    27 | D:1      | Noticed a shining eye
    27 | D:1      | Noticed an eye of devastation
   136 | D:1      | You fall into a shaft and drop 1 floor!
   205 | D:1      | Reached XP level 2. HP: 16/24 MP: 3/3
   643 | D:1      | Reached XP level 3. HP: 29/29 MP: 3/5
  1886 | D:3      | Reached XP level 4. HP: 35/37 MP: 6/6
  1895 | D:3      | Slain by an orc priest

Illustrated notes

Levels and vault maps discovered:
D:1:      onia_arrival_pentagram, layout_basic,
          hellmonk_ecumenical_altar_watching_god
D:2:      layout_basic, serial_rivers, chequers_serial_rivers_room_b,
          chequers_serial_rivers_micro_d, chequers_serial_rivers_room_b,
          chequers_serial_rivers_room_a, chequers_serial_rivers_micro_c,
          kennysheep_generic_room_12
D:3:      minmay_diamond_boxcup, layout_basic, chequers_serial_rivers_room_b,
          kennysheep_generic_room_13

Skill      XL: |  1  2  3 |
---------------+----------+-----
Maces & Flails | 3 |  3.3
Invocations    | 3 |  3.1
Fighting       | |  3.9
Armour         | |  2.1
Dodging        | |  0.8

Action                   |  1- 3 |  4- 6 || total
-------------------------+-------+-------++-------
Melee: Mace              |   114 |    10 ||   124
       Punch             |       |     1 ||     1
Armor: Scale mail        |    49 |     3 ||    52
       Leather armour    |     2 |       ||     2
Dodge: Dodged            |    72 |     2 ||    74
